 Dungeon Crawl Stone Soup version 0.21.1-1-g345015f (webtiles) character file.

450 mrmercer the Gusty (level 6, -6/47 HPs)
             Began as a Draconian Air Elementalist on June 30, 2018.
             Mangled by a mummy (15 damage)
             ... in an ossuary.
             The game lasted 00:37:09 (3104 turns).

mrmercer the Gusty (Draconian Air Elementalist)     Turns: 3104, Time: 00:37:09

Health: -6/47      AC:  8    Str: 10    XL:     6   Next: 74%
Magic:  0/11       EV: 12    Int: 17    God:
Gold:   106        SH:  2    Dex: 12    Spells: 4/12 levels left

rFire    . . .     SeeInvis .   o - +2 whip (elec)
rCold    . . .     Gourm    .   (no shield)
rNeg     . . .     Faith    .   (armour unavailable)
rPois    .         Spirit   .   (helmet restricted)
rElec    .         Reflect  +   (no cloak)
rCorr    .         Harm     .   (no gloves)
MR       .....                  p - +1 pair of boots
Stlth    ++........             i - +2 amulet of reflection
HPRegen  0.15/turn              (no ring)
MPRegen  0.12/turn              (no ring)

@: no status effects
A: unfitting armour, cold-blooded, AC +6
a: no special abilities


You were in an ossuary.
You were not hungry.

You visited 1 branch of the dungeon, and saw 4 of its levels.
You also visited: Sewer and Ossuary.

You collected 106 gold pieces.

Inventory:

Hand Weapons
 e - a +0 trident
 f - a +3 short sword of draining
 o - a +2 whip of electrocution (weapon)
 q - a +2 dagger of speed
Armour
 k - a +0 pair of boots
 p - a +1 pair of boots (worn)
Jewellery
 g - a cursed ring of teleportation {unknown}
 i - a +2 amulet of reflection (around neck)
 v - an uncursed ring of ice {unknown}
Wands
 m - a wand of random effects (23)
Scrolls
 c - 4 scrolls of fear
 d - a scroll of enchant weapon
 j - 2 scrolls of magic mapping
 l - a scroll of noise {unknown}
 n - a scroll of remove curse
 s - a scroll of teleportation
Potions
 r - a potion of berserk rage
 t - a potion of curing {unknown}
 u - a potion of might
Books
 a - a book of Air

   Spells                             Type                      Level
   a - Shock                          Conjuration/Air              1
   b - Swiftness                      Charms/Air                   2
   c - Static Discharge               Conjuration/Air              3
   d - Airstrike                      Air                          4
   e - Lightning Bolt                 Conjuration/Air              5
Comestibles
 b - 2 rations


   Skills:
 + Level 1.2 Fighting
 + Level 2.6 Short Blades
 + Level 2.2 Dodging
 + Level 2.2 Stealth
 + Level 1.1 Unarmed Combat
 + Level 3.6 Spellcasting
 + Level 2.6 Conjurations
 + Level 4.7 Air Magic


You had 4 spell levels left.
You knew the following spells:

 Your Spells              Type           Power        Failure   Level  Hunger
a - Shock                 Conj/Air       ###.         3%          1    None
b - Static Discharge      Conj/Air       ###.....     11%         3    ###....
c - Airstrike             Air            ###.......   24%         4    ####...


Dungeon Overview and Level Annotations

Branches:
Dungeon (4/15)
 Temple: D:4-7

Altars:


Innate Abilities, Weirdness & Mutations

Your plain brown scales are hard. (AC +6)
You cannot fit into any form of body armour.
You are cold-blooded and may be slowed by cold attacks.


Message History

You destroy the mummy!
The zap hits the gnoll zombie.
The gnoll zombie is severely damaged.
The orc zombie hits you. The mummy closely misses you.
You hit the gnoll zombie.
You destroy the gnoll zombie!
The orc zombie barely misses you.
You hit the orc zombie. You tail-slap the orc zombie.
The orc zombie is severely damaged.
The mummy hits you. The orc zombie completely misses you.
You hit the orc zombie.
You destroy the orc zombie!
The mummy hits you!
* * * LOW HITPOINT WARNING * * *
Casting: Shock
Confirm with . or Enter, or press ? or * to list all spells.
You don't know that spell.
You barely miss the mummy.
Your tail-slap misses the mummy.
You barely miss the mummy. The mummy hits you!
You die...

...........
.........
........
......
#....#
#....#
#...M#
#..@.#
#....#
#....#
#....#
#....#
#.∩∩.#
######


You could see a mummy.

Vanquished Creatures
  The ghost of diana the Insei, an amateur DgTm (D:3)
  An orc priest (D:3)
  A hound (D:4)
  2 orc wizards (D:3)
  3 mummies (Ossuary)
  8 river rats
  3 adders
  6 worms
  3 dart slugs
  4 leopard geckos
  8 orcs (D:3)
  9 bats
  A gnoll zombie (Ossuary)
  2 goblins
  5 hobgoblins
  9 jackals
  5 ball pythons
  12 frilled lizards
  3 hobgoblin zombies (Ossuary)
  10 kobolds
  2 kobold zombies (Ossuary)
  An orc zombie (Ossuary)
  8 rats
107 creatures vanquished.

Notes
Turn   | Place    | Note
-------+----------+-------------------------------------------
     0 | D:1      | mrmercer the Draconian Air Elementalist began the quest for the Orb.
     0 | D:1      | Reached XP level 1. HP: 14/14 MP: 3/3
    44 | D:1      | Reached XP level 2. HP: 16/20 MP: 0/5
   403 | D:1      | Reached XP level 3. HP: 26/26 MP: 1/6
   446 | D:1      | Learned a level 3 spell: Static Discharge
   492 | D:1      | Reached skill level 1 in Unarmed Combat
  1612 | D:2      | Reached XP level 4. HP: 25/33 MP: 1/7
  1878 | D:3      | Reached skill level 4 in Air Magic
  1962 | D:3      | Reached XP level 5. HP: 31/38 MP: 0/9
  2233 | D:3      | Found a glowing drain.
  2245 | D:3      | Reached skill level 1 in Short Blades
  2278 | Sewer    | Entered a sewer
  2351 | Sewer    | Reached skill level 1 in Fighting
  2584 | D:3      | Reached XP level 6. HP: 47/47 MP: 1/10
  2609 | D:3      | Noticed diana's ghost (amateur DgTm)
  2611 | D:3      | Learned a level 4 spell: Airstrike
  2652 | D:3      | Killed diana's ghost
  3061 | D:4      | Found a sand-covered staircase.
  3069 | Ossuary  | Entered an ossuary
  3104 | Ossuary  | Mangled by a mummy

Skill      XL: |  1  2  3  4  5 |
---------------+----------------+-----
Unarmed Combat | 1 |  1.1
Dodging        | 2 |  2.2
Stealth        | 2 |  2.2
Air Magic      | 4 |  4.7
Spellcasting   | 3 |  3.6
Short Blades   | 2 |  2.6
Fighting       | 1 |  1.2
Conjurations   | 2 |  2.6

Action                   |  1- 3 |  4- 6 || total
-------------------------+-------+-------++-------
Melee: Unarmed           |    35 |       ||    35
       Dagger            |    15 |       ||    15
       Short sword       |    25 |    56 ||    81
       Tailslap          |     3 |    10 ||    13
       Whip              |       |    23 ||    23
       Punch             |       |     1 ||     1
 Cast: Shock             |    73 |    79 ||   152
       Static Discharge  |     1 |    12 ||    13
  Use: Scroll            |     2 |     9 ||    11
       Potion            |       |     2 ||     2
 Stab: Sleeping          |       |     1 ||     1
  Eat: Ration            |     1 |     2 ||     3
Armor: Skin              |    24 |    21 ||    45
Dodge: Dodged            |    58 |    65 ||   123
Block: Other             |       |     8 ||     8
